 Dungeon Crawl Stone Soup version 0.18-a0-1718-g40ea4b6 (webtiles) character file.

5987 MenacingMecha the Impaler (level 10, 0/91 HPs)
             Began as a Merfolk Gladiator on Apr 8, 2016.
             Was a Priest of Cheibriados.
             Slain by a two-headed ogre
             ... wielding a +0 giant spiked club
              (1 damage)
             ... on level 10 of the Dungeon.
             The game lasted 00:51:06 (11665 turns).

MenacingMecha the Impaler (Merfolk Gladiator)      Turns: 11665, Time: 00:51:07

Health: 0/91       AC:  6    Str: 24 (25) XL:     10   Next: 85%
Magic:  13/13      EV:  2    Int: 14 (15) God:    Cheibriados [***...]
Gold:   489        SH:  0    Dex: 25      Spells: 0 memorised, 9 levels left

rFire  + . .     SeeInvis +     k - +1 halberd
rCold  + . .     Gourm    .     n - +1 ring mail {rC+}
rNeg   + + +     Faith    .     (shield currently unavailable)
rPois  ∞         Spirit   .     (no helmet)
rElec  .         Dismiss  .     (no cloak)
rCorr  .         Reflect  .     (no gloves)
SustAt .         Harm     .     (no boots)
MR     .....                    L - amulet of Vitality {Regen+ HP+15}
Stlth  +.........               y - ring of protection from fire
                                I - ring of see invisible

@: petrified, very slow, not resistant to hostile enchantments, very unstealthy
A: change form in water, swift swim
a: Bend Time, Temporal Distortion, Renounce Religion


You were on level 10 of the Dungeon.
You worshipped Cheibriados.
Cheibriados was most pleased with you.
You were not hungry.

You visited 2 branches of the dungeon, and saw 11 of its levels.
You also visited: Sewer.

You collected 489 gold pieces.

Inventory:

Hand Weapons
 k - a +1 halberd (weapon)
 w - a +5 blowgun
Missiles
 a - 6 javelins of penetration (quivered)
 d - 2 throwing nets
 v - 5 tomahawks
 x - 18 poisoned needles
Armour
 c - a +0 helmet
 n - a +1 ring mail of cold resistance (worn)
 u - a +1 leather armour of cold resistance
Jewellery
 l - a +1 ring of evasion {unknown}
 q - an uncursed ring of protection from cold
 y - a ring of protection from fire (right hand)
 I - a ring of see invisible (left hand)
 L - the amulet of Vitality (around neck) {Regen+ HP+15}
   (You found it on level 8 of the Dungeon)

   [amulet of regeneration]

   It affects your health (+15).
   It increases your rate of regeneration.
Wands
 B - a wand of iceblast (15/15)
Scrolls
 g - 13 scrolls of identify
 i - a scroll of torment {unknown}
 o - 2 scrolls of amnesia
 A - a scroll of enchant weapon
 E - 2 scrolls of fear
 F - 3 scrolls of teleportation
 G - 2 scrolls of remove curse
Potions
 e - 7 potions of heal wounds
 p - a potion of flight
 s - 2 potions of might
 C - 3 potions of curing
 D - a potion of brilliance
 H - a potion of invisibility
 J - a potion of agility
Comestibles
 b - 4 meat rations
 f - 9 bread rations
 h - 5 royal jellies
 j - 3 beef jerkies
 m - 12 fruits
 r - 2 slices of pizza
 t - 3 chunks of flesh


   Skills:
 + Level 6.1 Fighting
 - Level 16.0 Polearms
 - Level 2.0 Throwing
 - Level 1.0 Armour
 + Level 11.0 Dodging
 - Level 5.0 Invocations


You had 9 spell levels left.
You didn't know any spells.

Dungeon Overview and Level Annotations

Branches:
Dungeon (10/15)            Temple (1/1) D:5
   Lair: D:8-11         Orc: D:9-12

Altars:
Cheibriados
Dithmenos
Fedhas
Gozag
Kikubaaqudgha
Makhleb
Okawaru
Pakellas
Qazlal
Ru
Sif Muna
Trog
Vehumet
Xom
Yredelemnul
Zin
The Shining One

Shops:
D:5 %

Annotations:
D:3 exclusion: upstairs
D:5 MenacingMecha's ghost, amateur MfIE


Message History

* * * LOW HITPOINT WARNING * * *
A sheep comes into view.
The adder bites you but does no damage. The basilisk gazes at you.
An orc comes into view.
The adder bites you but does no damage.
The two-headed ogre hits you with a giant spiked club.
* * * LOW HITPOINT WARNING * * *
The two-headed ogre hits you with a giant club.
* * * LOW HITPOINT WARNING * * *
The basilisk gazes at you. You resist with some effort.
The adder bites you but does no damage.
A sheep comes into view.
The sheep bellows!
The orc shouts!
The basilisk bites you!
* * * LOW HITPOINT WARNING * * *
The two-headed ogre hits you with a giant spiked club!
* * * LOW HITPOINT WARNING * * *
The two-headed ogre hits you with a giant club.
You die...

..... ....# #....# #...#
o.. ...>.# #...# .t♣ .....#
#...# ...t .....# #...#
....( .....#
#...######....P ..>..#
#....o...r.....
.....########...lSl........
................@Or.(o(Y...
.......).........######Y...
.................#....# l
......<..........#....#
.....(...........'....#
.............#...#....#
..........#..#...####+#..
..........#..#...........
.......#.##..............


You could see 2 basilisks, a two-headed ogre, a porcupine, 2 sheep, an adder, a
river rat and 2 orcs.

Vanquished Creatures
  An unseen horror (D:9)
  A hill giant (D:9)
  Psyche (D:9)
  A wyvern (D:8)
  Eustachio (D:4)
  A basilisk (D:10)
  A hippogriff (D:8)
  A hungry ghost (D:9)
  An orc warrior (D:8)
  4 ice beasts
  7 ogres
  2 centaurs
  4 crocodiles (D:10)
  6 giant frogs
  3 scorpions
  2 howler monkeys
  8 killer bees
  4 spriggan skeletons (D:9)
  4 crimson imps (D:4)
  A quasit (D:7)
  3 hounds
  A jelly (D:5)
  2 giant frog skeletons
  6 orc priests
  6 orc wizards
  A centaur skeleton (D:9)
  An iguana (D:4)
  7 worker ants
  A hound skeleton (D:4)
  4 gnolls
  17 adders
  5 shadow imps
  2 worms
  5 dart slugs
  2 giant geckos
  43 orcs
  7 giant cockroaches
  6 hobgoblins
  15 jackals
  12 kobolds
  8 quokkas
  3 ball pythons
  11 bats
  A giant gecko skeleton (D:4)
  9 giant newts
  5 goblins
  2 jackal skeletons (D:4)
  2 quokka skeletons
  12 rats
  3 plants (Sewer)
256 creatures vanquished.

Vanquished Creatures (others)
  A fungus (D:10)
  4 plants (D:10)
5 creatures vanquished.

Grand Total: 261 creatures vanquished

Notes
Turn   | Place    | Note
--------------------------------------------------------------
     0 | D:1      | MenacingMecha the Merfolk Gladiator began the quest for the Orb.
     0 | D:1      | Reached XP level 1. HP: 16/16 MP: 1/1
   180 | D:1      | Reached skill level 5 in Polearms
   190 | D:1      | Reached XP level 2. HP: 21/22 MP: 2/2
   680 | D:2      | Reached skill level 6 in Polearms
   680 | D:2      | Reached XP level 3. HP: 25/27 MP: 3/3
  1276 | D:2      | Reached XP level 4. HP: 33/33 MP: 4/4
  1294 | D:2      | Reached skill level 7 in Polearms
  1300 | D:2      | Found a burning altar of Makhleb.
  1764 | D:3      | Reached skill level 8 in Polearms
  1764 | D:3      | Reached XP level 5. HP: 22/38 MP: 5/5
  2195 | D:2      | Reached skill level 9 in Polearms
  2480 | D:3      | Reached XP level 6. HP: 43/46 MP: 6/6
  2971 | D:3      | Reached skill level 5 in Dodging
  3682 | D:4      | Found a glowing drain.
  3964 | Sewer    | Entered a sewer
  4323 | Sewer    | Reached skill level 10 in Polearms
  4323 | Sewer    | Reached XP level 7. HP: 48/52 MP: 7/7
  4741 | D:4      | Noticed Eustachio
  4788 | D:3      | Reached skill level 11 in Polearms
  5471 | D:4      | Found a shimmering altar of Xom.
  5523 | D:5      | Entered Level 5 of the Dungeon
  5551 | D:5      | Noticed MenacingMecha's ghost (amateur MfIE)
  5564 | D:4      | Killed Eustachio
  5564 | D:4      | Reached skill level 12 in Polearms
  5564 | D:4      | Reached XP level 8. HP: 43/58 MP: 8/8
  5827 | D:5      | Reached skill level 13 in Polearms
  5870 | D:5      | Found a sacrificial altar of Ru.
  6202 | D:5      | Found Ereloil's Food Shop.
  6388 | D:5      | Found a staircase to the Ecumenical Temple.
  6392 | Temple   | Entered the Ecumenical Temple
  6403 | Temple   | Became a worshipper of Cheibriados the Contemplative
  6631 | D:5      | Found an opulent altar of Gozag.
  6736 | D:5      | Reached skill level 14 in Polearms
  7045 | D:6      | Reached skill level 1 in Armour
  7045 | D:6      | Reached skill level 1 in Invocations
  7170 | D:6      | Found a blossoming altar of Fedhas.
  7170 | D:6      | Found an ancient bone altar of Kikubaaqudgha.
  7519 | D:6      | Reached XP level 9. HP: 39/63 MP: 10/10
  8146 | D:7      | Reached * piety under Cheibriados
  8794 | D:7      | Reached skill level 5 in Invocations
  8959 | D:8      | Found an oddly glowing altar of Pakellas.
  9131 | D:8      | Reached ** piety under Cheibriados
 10080 | D:8      | Reached skill level 5 in Fighting
 10134 | D:8      | Reached XP level 10. HP: 74/74 MP: 13/13
 10371 | D:9      | Reached skill level 10 in Dodging
 10667 | D:9      | Found an iron altar of Okawaru.
 10668 | D:9      | Noticed Psyche
 10679 | D:9      | Killed Psyche
 10680 | D:9      | Reached *** piety under Cheibriados
 10808 | D:9      | Reached skill level 15 in Polearms
 10822 | D:9      | Noticed an unseen horror
 10827 | D:9      | Killed an unseen horror
 11155 | D:9      | Gained mutation: You occasionally shout uncontrollably at your foes. [potion of mutation]
 11155 | D:9      | Gained mutation: You have a pair of small horns on your head. [potion of mutation]
 11162 | D:9      | Lost mutation: You occasionally shout uncontrollably at your foes. [potion of cure mutation]
 11162 | D:9      | Lost mutation: You have a pair of small horns on your head. [potion of cure mutation]
 11206 | D:10     | Entered Level 10 of the Dungeon
 11250 | D:9      | Reached skill level 16 in Polearms
 11455 | D:10     | Noticed a hill giant
 11482 | D:9      | Killed a hill giant
 11665 | D:10     | HP: 1/91 [two-headed ogre/giant spiked club (7)]
 11665 | D:10     | Slain by a two-headed ogre

Vault maps used:
D:1:      lightli_arrival_chessboard
D:2:      nicolae_overflow_hidden_temple, grunt_decor_mini_mirrors
D:4:      led_xom_imps, gup_sewer_entry_glass, first_bread, serial_bayou_pond_e,
          grunt_ministairs_3, grunt_tough_drop, uniq_eustachio
D:5:      marbit_many_paths, nicolae_gozag_seed_capital,
          minmay_temple_entry_glassed_door, serial_shops, nicolae_shop_crystal
D:6:      grunt_temple_overflow_growth_and_decay
D:8:      kennysheep_mini, minmay_misc_feat_iff
D:9:      lemuel_crystal_altar, hangedman_tell_no_tales, uniq_psyche
D:10:     kennysheep_blocky_room, minmay_lair_entry_grove,
          hangedman_decor_lopped
Temple:   eino_temple_water_12
Sewer:    sewer_co_scattered_pipes

Skill      XL: |  1  2  3  4  5  6  7  8  9 10 |
---------------+-------------------------------+-----
Polearms       | 5 6 8 9 10 12 14 16 | 16.0
Fighting       | 3 5 6 |  6.1
Dodging        | 5 9 11 | 11.0
Armour         | 1 |  1.0
Invocations    | 2 5 |  5.0
Throwing       | |  2.0

Action                   |  1- 3 |  4- 6 |  7- 9 | 10-12 || total
-------------------------+-------+-------+-------+-------++-------
Melee: Trident           |    94 |   362 |   594 |    18 ||  1068
       Halberd           |       |       |       |   126 ||   126
Throw: Throwing net      |       |     2 |       |       ||     2
       Tomahawk          |       |       |    17 |     3 ||    20
       Javelin           |       |       |     9 |     3 ||    12
Invok: Bend Time         |       |       |     4 |     5 ||     9
       Temporal Distorti |       |       |       |     1 ||     1
  Use: Potion            |       |     2 |     1 |     9 ||    12
       Scroll            |       |     2 |       |     7 ||     9
 Stab: Held in net/web   |       |     2 |       |       ||     2
  Eat: Chunk             |     1 |    10 |    17 |     4 ||    32
